 Dungeon Crawl Stone Soup version 0.29.1-1-gd02db6906a (webtiles) character file.

Game seed: 14101874803974813744

48 Earthwalker the Trooper (level 3, 0/33 HPs)
             Began as a Minotaur Fighter on Oct 11, 2022.
             Succumbed to a gnoll's poison
             ... on level 2 of the Dungeon.
             The game lasted 00:01:22 (760 turns).

Earthwalker the Trooper (Minotaur Fighter)           Turns: 760, Time: 00:01:22

Health: 0/33       AC:  9    Str: 22    XL:     3   Next: 50%
Magic:  2/2        EV:  9    Int:  5    God:
Gold:   54         SH:  4    Dex:  9    Spells: 2/2 levels left

rFire   . . .      SeeInvis .   a - +0 trident
rCold   . . .      Faith    .   c - +0 buckler
rNeg    . . .      Spirit   .   b - +0 scale mail
rPois   .          Reflect  .   (helmet restricted)
rElec   .          Harm     .   h - +1 cloak
rCorr   .          Rampage  .   (no gloves)
Will    .....                   (no boots)
Stlth   ..........              (no amulet)
HPRegen 0.11/turn               (no ring)
MPRegen 0.08/turn               (no ring)

@: lethally poisoned (0 -> -15)
A: horns 2, retaliatory headbutt
a: no special abilities


You were on level 2 of the Dungeon.
You visited 1 branch of the dungeon, and saw 2 of its levels.

You collected 54 gold pieces.

Inventory:

Hand Weapons
 a - a +0 trident (weapon)
Armour
 b - a +0 scale mail (worn)
 c - a +0 buckler (worn)
 h - a +1 cloak (worn)
Scrolls
 g - a scroll of amnesia
Potions
 d - 2 potions of might
 e - 3 potions of resistance {unknown}
 f - 2 potions of curing


   Skills:
 * Level 4.2 Fighting
 * Level 2.9 Polearms
 * Level 0.4 Throwing
 * Level 4.1 Armour
 * Level 0.7 Dodging
 * Level 4.1 Shields


You had 2 spell levels left.
You didn't know any spells.
Your spell library was empty.

Dungeon Overview and Level Annotations

Branches:
Dungeon (2/15)

Altars:

Shops:
D:2 (


Innate Abilities, Weirdness & Mutations

You have a pair of horns on your head.
You reflexively headbutt those who attack you in melee.


Message History

You hit the kobold. Your headbutt misses the kobold.
The kobold is moderately wounded.
The kobold hits you but does no damage.
You barely miss the kobold.
The kobold is moderately wounded.
The gnoll throws a poisoned dart.
The poisoned dart hits you!
You are poisoned.
The kobold closely misses you. You furiously retaliate!
You headbutt the kobold.
You kill the kobold!
You feel sick.
You feel sick.
The gnoll throws a poisoned dart.
The poisoned dart hits you!
You are more poisoned.
You reach to attack!
You hit the gnoll but do no damage.
You feel very sick.
The gnoll hits you from afar with a +0 halberd.
You reach to attack!
You barely miss the gnoll.
You feel very sick.
The gnoll throws a poisoned dart.
The poisoned dart hits you!
You are more poisoned.
The gnoll throws a poisoned dart.
The poisoned dart hits you!
You are lethally poisoned!
You reach to attack!
You hit the gnoll but do no damage.
You feel extremely sick.
A gnoll comes into view. It is wielding a +0 whip.
The gnoll hits you from afar with a +0 halberd.
* * * LOW HITPOINT WARNING * * *
You are too injured to fight recklessly!
You are too injured to fight recklessly!
You are too injured to fight recklessly!
You are too injured to fight recklessly!
You are too injured to fight recklessly!
* * * LOW HITPOINT WARNING * * *
You feel very sick.
The gnoll shouts!
You hear a shout!
The gnoll barely misses you. You furiously retaliate!
You headbutt the gnoll!
A gnoll comes into view. It is wielding a +0 club.
You puncture the gnoll!
You kill the gnoll!
You die...

#####...#####
#...........##
.............# #
#<...........#
g##
#####...####.#
..## #...# #.#
..g.
#...####.#####..#
#............)..#
##.#.#..†#..@#..
#.#..#.#...##
#.....∩$).##
###..#.#..#
#.#..)#....#
#........#..#
#...............
#..##(.#..#...#.
.. ...#..#...#


You could see 2 gnolls.

Vanquished Creatures
  Jessica (D:2)
  A gnoll (D:2)
  2 endoplasms (D:1)
  3 giant cockroaches (D:1)
  2 goblins (D:1)
  3 hobgoblins
  A kobold (D:2)
  2 quokkas (D:1)
  2 ball pythons (D:1)
  4 rats
21 creatures vanquished.

Notes
Turn   | Place    | Note
-------+----------+-------------------------------------------
     0 | D:1      | Earthwalker the Minotaur Fighter began the quest for the
                  | Orb.
     0 | D:1      | Reached XP level 1. HP: 19/19 MP: 0/0
   105 | D:1      | Reached XP level 2. HP: 26/27 MP: 1/1
   738 | D:2      | Found Gecumos's Weapon Shoppe.
   744 | D:2      | Noticed Jessica
   748 | D:2      | Killed Jessica
   749 | D:2      | Reached XP level 3. HP: 33/33 MP: 2/2
   760 | D:2      | Succumbed to a gnoll's poison

Illustrated notes

Levels and vault maps discovered:
D:1:      evilmike_arrival_plus, layout_basic
D:2:      layout_loops_cross, serial_shops, nicolae_shop_advertising_works
          [nicolae_subvault_shop_adworks], palyth_stone_intersect,
          kennysheep_another_room, chequers_avenue, uniq_jessica

Skill      XL: |  1  2 |
---------------+-------+-----
Fighting       | 4 |  4.2
Shields        | 4 |  4.1
Armour         | 4 |  4.1
Polearms       | |  2.9
Throwing       | |  0.4
Dodging        | |  0.7

Action                   || total
-------------------------++-------
Melee: Trident           ||    47
       Headbutt          ||     2
  Use: Scroll            ||     2
Armor: Scale mail        ||    14
Dodge: Dodged            ||    13
Block: Buckler           ||     5
